 Dungeon Crawl Stone Soup version 0.32-a0-685-g93135e86f0 (webtiles) character file.

Game seed: 3459671111542962663

41 Nietzsche the Chopper (level 3, -1/30 HPs)
             Began as a Draconian Gladiator on Mar 12, 2024.
             Slain by a black bear (3 damage)
             ... on level 3 of the Dungeon.
             The game lasted 00:03:34 (1890 turns).

Nietzsche the Chopper (Draconian Gladiator)         Turns: 1890, Time: 00:03:35

Health: -1/30      AC:  5    Str: 16    XL:     3   Next: 32%
Magic:  5/5        EV: 12    Int: 10    God:
Gold:   89         SH:  5    Dex: 12    Spells: 4/4 levels left

rFire   . . .        a - +0 war axe
rCold   . . .        (no shield)
rNeg    . . .        (body armour unavailable)
rPois   .            b - +0 hat
rElec   .            (no cloak)
rCorr   .            (no gloves)
SInv    .            (no boots)
Will    .....        g - amulet of reflection
Stlth   +            (no ring)
HPRegen 0.25/turn    (no ring)
MPRegen 0.09/turn

%: random rage (3%), reflection
@: hasted, very quick
A: AC +5, unfitting armour, cold-blooded, berserk 1
a: no special abilities


You were on level 3 of the Dungeon.
You visited 1 branch of the dungeon, and saw 3 of its levels.

You collected 89 gold pieces.

Inventory:

Hand Weapons
 a - a +0 war axe (weapon)
Missiles
 c - 3 throwing nets (quivered)
 d - a javelin
Armour
 b - a +0 hat (worn)
Jewellery
 g - an amulet of reflection (around neck)
 p - the amulet "Beshiust" {Reflect Int+2 Dex+2 SH+5}
   (You found it on level 2 of the Dungeon)

   [amulet of reflection]

   Reflect:   It reflects blocked missile attacks.
   Int+2:     It affects your intelligence (+2).
   Dex+2:     It affects your dexterity (+2).
   SH+5:      It affects your SH (+5).
Talismans
 i - a blade talisman
Wands
 m - a wand of digging (2)
Scrolls
 e - a scroll of fear {unknown}
 f - 4 scrolls of teleportation {unknown}
 k - 4 scrolls of fog {unknown}
 l - a scroll of immolation {unknown}
 o - a scroll of poison {unknown}
Potions
 n - a potion of invisibility {unknown}
 q - a potion of ambrosia {unknown}
 r - a potion of might {unknown}


   Skills:
 + Level 2.3 Fighting
 + Level 3.2 Axes
 + Level 2.0 Throwing
 + Level 3.2 Dodging
 * Level 1.3 Spellcasting


You had 4 spell levels left.
You didn't know any spells.
Your spell library contained the following spells:

 Spells                   Type           Power      Damage    Failure   Level
 Sting                    Conj/Alch      0%         1d3       32%         1
 Ensorcelled Hibernation  Hex/Ice        0%         N/A       45%         2
 Mercury Vapours          Alch/Air       0%         N/A       45%         2
 Passwall                 Erth           0%         N/A       69%         3
 Swiftness                Air            0%         N/A       69%         3
 Volatile Blastmotes      Fire/Tloc      0%         2d10      69%         3
 Olgreb's Toxic Radiance  Alch           0%         N/A       97%         4
 Bombard                  Conj/Erth      0%         9d1       100%        6


Dungeon Overview and Level Annotations

Branches:
Dungeon (3/15)

Altars:
Uskayaw


Innate Abilities, Weirdness & Mutations

Your plain brown scales are hard. (AC +5)
You cannot fit into any form of body armour.
You are cold-blooded and may be slowed by cold attacks.
You sometimes lose your temper in combat.


Message History

There is an open door here.
Found a mace.
The black bear growls angrily.
You hit the black bear.
You tail-slap the black bear, but do no damage.
The black bear is lightly wounded.
The black bear bites you!
The black bear claws you but does no damage.
The black bear claws you. You block the black bear's attack.
The black bear claws you.
The black bear claws you but does no damage.
You slash the black bear!
The black bear is moderately wounded.
The black bear bites you. The black bear barely misses you.
The black bear closely misses you.
You closely miss the black bear.
The black bear is moderately wounded.
The black bear closely misses you. The black bear misses you. x2
You barely miss the black bear.
The black bear is moderately wounded.
The black bear closely misses you.
The black bear claws you but does no damage.
The black bear misses you. The black bear barely misses you. x2
The black bear completely misses you.
You hit the black bear.
Your tail-slap misses the black bear.
The black bear is moderately wounded.
The black bear bites you. The black bear claws you.
* * * LOW HITPOINT WARNING * * *
The black bear claws you.
* * * LOW HITPOINT WARNING * * *
It was a potion of mutation.
You feel extremely strange.
You feel a little pissed off.
The black bear bites you but does no damage.
You block the black bear's attack.
The black bear claws you but does no damage.
It was a potion of haste.
You feel yourself speed up. The black bear bites you.
* * * LOW HITPOINT WARNING * * *
The black bear claws you but does no damage.
The black bear claws you.
You die...

##..####.#####..†..##
........)..'..........
#.........##.....##.#
#..>....###........#
##.....## #.#######
##...## #.# ##'## #.#
#.# #.# #@# .# #h# ...
..... #....## #.#.##
#)### ..


You could see a black bear.

Vanquished Creatures
  2 adders (D:2)
  2 dart slugs
  A ball python (D:1)
  A bat (D:2)
  2 endoplasms
  2 goblins (D:1)
  3 hobgoblins
  2 quokkas (D:1)
  2 frilled lizards
17 creatures vanquished.

Notes
Turn   | Place    | Note
-------+----------+-------------------------------------------
     0 | D:1      | Nietzsche the Draconian Gladiator began the quest for the
                  | Orb.
     0 | D:1      | Reached XP level 1. HP: 17/17 MP: 1/1
   258 | D:1      | Reached XP level 2. HP: 24/24 MP: 2/2
   577 | D:1      | Found a faded altar of an unknown god.
   794 | D:2      | Reached skill level 1 in Spellcasting
   897 | D:2      | Identified the amulet "Beshiust" {Reflect Int+2 Dex+2 SH+5}
  1258 | D:2      | Reached XP level 3. HP: 18/30 MP: 4/4
  1833 | D:3      | Found a hide-covered altar of Uskayaw.
  1880 | D:3      | Noticed a black bear
  1889 | D:3      | Gained mutation: You sometimes lose your temper in combat.
                  | [potion of mutation]
  1890 | D:3      | Slain by a black bear

Illustrated notes

Levels and vault maps discovered:
D:1:      psy_arrival_terrarium, layout_loops_ring,
          dilly_ecumenical_altar_fadedgnrine
D:2:      layout_basic, minivault_4, minmay_misc_feat_tower
D:3:      minmay_recursive_quarters, layout_loops_corners,
          nicolae_uskayaw_murder_on_the_dancefloor,
          mainiacjoe_overflow_cross_hatched, minmay_fractal_squares_diagonal_5

Skill      XL: |  1  2 |
---------------+-------+-----
Throwing       | 2 |  2.0
Dodging        | 3 |  3.2
Spellcasting   | 1 |  1.3
Fighting       | |  2.3
Axes           | |  3.2

Action                     || total
---------------------------++-------
  Melee: War axe           ||    63
         Tailslap          ||     8
    Use: Potion            ||     2
   Stab: Sleeping          ||     1
 Armour: Skin              ||    46
  Dodge: Dodged            ||    46
  Block: Other             ||    11

Table legend: (Time is in decaauts)
 A = Elapsed time spent in this place.
 B = Non-inter-level travel time spent in this place.
 C = Inter-level travel time spent in this place.
 D = Time resting spent in this place.
 E = Time spent auto-exploring this place.
 F = Levels seen in this place.
 G = Mean time per level.
                   A        B        C        D        E       F      G
               +--------+--------+--------+--------+--------+-----+--------+
         Total |   1914 |   1914 |      0 |      0 |   1411 |   3 |  638.0 |
       Dungeon |   1914 |   1914 |      0 |      0 |   1411 |   3 |  638.0 |
               +--------+--------+--------+--------+--------+-----+--------+

Top non-repeatable levels by time:
     D:2: 1126 daAuts
     D:1: 728 daAuts
     D:3: 60 daAuts
